Map: Crista de Lerilak

Players

TheZergLord - Winner!

  • Race: Zerg Zerg
  • League: Master

Deusiro

  • Race: Protoss Protoss
  • League: Diamond

VOD

Have the link to the VOD?

Description

Time

  • Played on: Feb. 27, 2016, 12:17 p.m.
  • Length: 7:13
Show
View Real Time Build Order
Export as new Build Order

TheZergLord Zerg - Winner!

Build Orders: Hatch First 

Get SALT Encoding   

  12  0:01  Drone  
  13  0:12  Overlord  
  13  0:17  Drone  
  14  0:31  Drone x2  
  16  0:35  Drone  
  17  0:52  Hatchery  
  17  0:56  Drone  
  17  0:59  Drone  
  18  1:11  Extractor  
  17  1:15  Spawning Pool  
  16  1:18  Drone  
  16  1:22  Drone  
  18  1:28  Drone  
  19  1:38  Drone  
  20  1:50  Hatchery  
  19  2:01  Queen  
  19  2:06  Zergling x2  
  22  2:09  Drone  
  22  2:13  Metabolic Boost  
  23  2:24  Queen  
  23  2:29  Drone  
  26  2:31  Drone  
  26  2:35  Overlord  
  27  2:42  Drone  
  28  2:54  Drone x2  
  28  2:55  Drone x3  
  33  2:59  Drone  
  33  3:03  Queen  
  36  3:10  Overlord  
  37  3:12  Drone  
  37  3:14  Drone x2  
  37  3:17  Drone  
  37  3:18  Drone  
  41  3:25  Drone  
  41  3:26  Overlord  
  42  3:32  Queen  
  44  3:34  Drone  
  44  3:35  Drone  
  44  3:36  Overlord  
  46  3:43  Zergling x8  
  50  3:51  Overlord  
  50  3:53  Lair  
  50  3:55  Drone x2  
  52  3:57  Drone  
  52  3:58  Drone  
  52  4:02  Overlord  
  54  4:07  Drone  
  54  4:08  Roach Warren  
  54  4:12  Overlord  
  54  4:14  Drone x2  
  54  4:15  Drone  
  54  4:16  Drone  
  58  4:18  Drone  
  59  4:28  Extractor  
  59  4:29  Drone x2  
  60  4:31  Overlord x2  
  60  4:38  Spore Crawler  
  59  4:39  Spore Crawler  
  59  4:40  Spore Crawler, Drone  
  59  4:41  Drone  
  59  4:48  Roach x5  
  59  4:49  Roach  
  71  4:56  Zergling x8  
  71  4:57  Zergling x4  
  77  5:02  Zergling x2  
  77  5:03  Zergling x6  
  81  5:11  Zergling x6  
  81  5:12  Glial Reconstitution  
  84  5:15  Drone  
  84  5:18  Zergling x4, Roach  
  89  5:25  Overlord x2  
  89  5:29  Roach x2  
  89  5:31  Roach  
  89  5:34  Zergling x6  
  97  5:49  Roach x3  
  105  5:50  Roach  
  105  5:56  Overlord x2  
  105  5:57  Drone  
  105  5:58  Drone x6  
  112  6:06  Drone  
  112  6:08  Extractor  
  111  6:12  Evolution Chamber  
  111  6:15  Roach x2  
  111  6:16  Roach x3  
  120  6:24  Roach x2  
  124  6:38  Roach x3  
  124  6:39  Zergling x2  
  129  6:41  Overlord x4  
Show
View Real Time Build Order
Export as new Build Order

Deusiro Protoss 

Build Orders: 1 Gate Expand 

Get SALT Encoding   

  12  0:01  Probe (Chrono Boost)  
  13  0:11  Probe (Chrono Boost)  
  14  0:18  Pylon  
  14  0:22  Probe (Chrono Boost)  
  15  0:36  Probe (Chrono Boost)  
  15  0:41  Gateway  
  16  0:47  Probe (Chrono Boost), Assimilator  
  17  0:57  Probe (Chrono Boost)  
  18  1:08  Probe (Chrono Boost)  
  20  1:18  Probe (Chrono Boost)  
  20  1:28  Cybernetics Core  
  20  1:29  Probe (Chrono Boost)  
  21  1:39  Nexus  
  21  1:45  Pylon  
  21  1:49  Probe (Chrono Boost)  
  22  1:54  Assimilator  
  22  1:59  Probe (Chrono Boost)  
  23  2:05  Adept (Chrono Boost)  
  23  2:06  Warp Gate  
  25  2:11  Probe  
  26  2:17  Pylon  
  26  2:23  Probe  
  26  2:29  Stalker (Chrono Boost)  
  29  2:36  Mothership Core  
  30  2:56  Robotics Facility  
  30  2:57  Probe  
  31  2:59  Probe  
  32  3:09  Probe x2  
  34  3:17  Pylon  
  34  3:20  Probe  
  34  3:21  Probe  
  36  3:31  Probe  
  36  3:33  Probe  
  38  3:35  Gateway  
  38  3:36  Gateway  
  38  3:41  Probe  
  39  3:49  Immortal (Chrono Boost)  
  43  3:55  Gateway  
  43  4:00  Gateway  
  43  4:12  Probe x2  
  45  4:23  Immortal (Chrono Boost), Probe  
  49  4:25  Probe  
  51  4:34  Pylon  
  51  4:35  Adept  
  51  4:36  Gateway, Adept  
  55  4:43  Pylon  
  55  4:49  Gateway  
  55  4:59  Gateway  
  55  5:01  Immortal (Chrono Boost)  
  55  5:05  Pylon  
  59  5:08  Sentry x2  
  59  5:10  Sentry  
  65  5:14  Pylon  
  65  5:16  Probe  
  65  5:18  Probe  
  67  5:23  Sentry  
  67  5:25  Stalker  
  71  5:30  Probe  
  71  5:32  Probe  
  71  5:35  Warp Prism (Chrono Boost)  
  75  5:40  Zealot  
  77  5:43  Adept  
  77  5:47  Pylon  
  79  5:56  Adept  
  79  5:57  Adept x2  
  85  6:06  Observer (Chrono Boost)  
  86  6:12  Zealot x5  
  96  6:25  Pylon  
  96  6:27  Zealot x2  
  96  6:28  Zealot  
  89  6:43  Sentry  
  89  6:44  Sentry  
  79  6:58  Adept x5  
Tags
 
Add a new tag
Caveats
  • Supply blocks, unpowered buildings, or Contaminate may cause inaccurate times.
  • Supply counts are checked every 10 seconds.